 Dungeon Crawl Stone Soup version 0.25.0-9-g26727b657a (webtiles) character file.

Game seed: 8953507114951590081

15530 mopl the Destroyer (level 12, -8/88 HPs)
             Began as a Naga Conjurer on June 21, 2020.
             Was an Elder of Vehumet.
             Mangled by a komodo dragon (12 damage)
             ... while petrified by a basilisk
             ... on level 2 of the Lair of Beasts.
             The game lasted 00:33:14 (12638 turns).

mopl the Destroyer (Naga Conjurer)                 Turns: 12638, Time: 00:33:15

Health: -8/88      AC:  8    Str: 16    XL:     12   Next: 28%
Magic:  15/26      EV:  1    Int: 21    God:    Vehumet [****..]
Gold:   300        SH:  0    Dex: 12    Spells: 20/31 levels left

rFire    + . .     SeeInvis +   r - +2 whip (venom)
rCold    + . .     Gourm    .   (no shield)
rNeg     + + +     Faith    .   k - +2 robe {rC+ rF+}
rPois    ∞         Spirit   .   w - +0 helmet
rElec    .         Reflect  .   g - scarf {+Inv}
rCorr    +         Harm     .   (no gloves)
MR       +....                  (no barding)
Stlth    ++........             u - amulet of magic regeneration
HPRegen  0.24/turn              F - ring of resist corrosion
MPRegen  0.45/turn              t - +6 ring of strength

@: petrified, slowed, very slow
A: large, see invisible, deformed body, poison resistance, slowness 2, slow
metabolism 1, spit poison 1, AC +4
a: Spit Poison, Renounce Religion, Evoke Invisibility


You were on level 2 of the Lair of Beasts.
You worshipped Vehumet.
Vehumet was greatly pleased with you.
You were not hungry.

You visited 3 branches of the dungeon, and saw 13 of its levels.

You collected 939 gold pieces.
You spent 639 gold pieces at shops.

Inventory:

Hand Weapons
 r - a +2 whip of venom (weapon)
 S - a +4 scimitar of flaming
Missiles
 q - 61 poisoned darts
 v - 15 boomerangs (quivered)
 Q - 10 curare-tipped darts
Armour
 g - a scarf of invisibility (worn)
 k - a +2 robe of resistance (worn)
 w - a +0 helmet (worn)
 y - a +0 kite shield
 U - a +2 robe of magic resistance
Jewellery
 t - a +6 ring of strength (right hand)
 u - an amulet of magic regeneration (around neck)
 F - a ring of resist corrosion (left hand)
 I - an uncursed ring of ice
Wands
 a - a wand of iceblast (10)
 h - a wand of clouds (8)
 C - a wand of acid (17)
 G - a wand of enslavement (10)
 H - a wand of polymorph (10)
 R - a wand of digging (1)
 V - a wand of flame (9)
Scrolls
 b - 3 scrolls of remove curse
 e - 4 scrolls of magic mapping {unknown}
 i - 3 scrolls of enchant weapon {unknown}
 j - 8 scrolls of teleportation
 l - a scroll of random uselessness {unknown}
 m - a scroll of enchant armour {unknown}
 n - 4 scrolls of fear
 o - 2 scrolls of blinking {unknown}
 B - 2 scrolls of identify
 O - 2 scrolls of torment {unknown}
 P - 2 scrolls of fog {unknown}
 W - a scroll of amnesia {unknown}
 X - a scroll of summoning
Potions
 d - 3 potions of flight
 f - a potion of ambrosia
 p - 8 potions of curing
 s - 3 potions of haste
 x - 3 potions of cancellation
 z - 6 potions of heal wounds
 D - a potion of berserk rage
 K - 4 potions of lignification
 M - a potion of magic
 N - a potion of brilliance
 Z - a potion of might
Comestibles
 c - 15 rations
 A - 2 chunks of flesh


   Skills:
 - Level 1.5 Dodging
 - Level 3.0 Stealth
 + Level 5.9 Shields
 * Level 10.4 Spellcasting
 * Level 11.7 Conjurations
 - Level 5.0 Hexes
 - Level 6.0 Translocations
 + Level 4.6 Evocations


You had 20 spell levels left.
You knew the following spells:

 Your Spells              Type           Power        Failure   Level  Hunger
a - Magic Dart            Conj           ####         1%          1    None
b - Searing Ray           Conj           ######       1%          2    None
c - Fulminant Prism       Conj/Hex       #####.....   1%          4    ##.....
d - Iskenderun's Mystic   Conj/Tloc      #####...     1%          4    ##.....

Your spell library contained the following spells:

 Spells                   Type           Power        Failure   Level  Hunger
 Stone Arrow              Conj/Erth      #####.       1%          3    None
 Conjure Flame            Conj/Fire      #####...     1%          3    None
 Dazzling Flash           Conj/Hex       #####.       1%          3    None
 Gell's Gravitas          Tloc           #####.....   1%          3    None
 Mephitic Cloud           Conj/Pois/Air  ####....     1%          3    None
 Confusing Touch          Hex            ####....     2%          3    None
 Poisonous Vapours        Pois/Air       ##....       10%         2    None
 Yara's Violent Unravell  Hex/Tmut       ###.......   16%         5    ####...
 Freezing Cloud           Conj/Ice/Air   ####......   41%         6    ######.
 Petrify                  Tmut/Erth      ##......     52%         4    ##.....
 Metabolic Englaciation   Hex/Ice        ###.......   52%         5    ####...
 Ring of Flames           Chrm/Fire      ##........   100%        7    #######


Dungeon Overview and Level Annotations

Branches:
Dungeon (10/15)            Temple (1/1) D:4            Lair (2/6) D:8
  Swamp: Lair:2-4    Shoals: Lair:2-4     Snake: Lair:2-4    Spider: Lair:2-4
    Orc: D:9-12

Altars:
Ashenzari
Cheibriados
Dithmenos
Elyvilon
Fedhas
Gozag
Kikubaaqudgha
Makhleb
Nemelex Xobeh
Okawaru
Qazlal
Ru
Sif Muna
Trog
Uskayaw
Vehumet
Wu Jian
Zin
The Shining One

Shops:
D:5 (:*   D:7 *   D:10 !

Annotations:
Lair:2 exclusion: oklob plant


Innate Abilities, Weirdness & Mutations

You cannot wear boots.
Your serpentine skin is tough. (AC +4)
You have supernaturally acute eyesight. (SInv)
Armour fits poorly on your strangely shaped body.
Your system is resistant to poisons. (rPois)
You cover ground very slowly.
You have a slow metabolism.
You can spit poison.


Message History

The blink frog blinks!
The komodo dragon bites you. The yak gores you. The komodo dragon bites you!!
The blink frog blinks!
The yak gores you.
The blink frog blinks!
The komodo dragon bites you but does no damage.
The komodo dragon bites you. The yak gores you!
* * * LOW HITPOINT WARNING * * *
The yak gores you!
* * * LOW HITPOINT WARNING * * *
The basilisk gazes at you. You resist with almost no effort.
The blink frog blinks!
The komodo dragon bites you!
* * * LOW HITPOINT WARNING * * *
The yak gores you!
* * * LOW HITPOINT WARNING * * *
The komodo dragon bites you but does no damage.
The yak gores you!
* * * LOW HITPOINT WARNING * * *
The basilisk gazes at you. You resist with almost no effort.
The komodo dragon bites you!!
You die...

...#%..P.......
...............
h....=.F.......
...............
#.............
F#.....Y.....#.
..P..FlYF...P..
.....wY@..S....
......ll......S
..$...Y........
..............>
...............
.#.....P....#..
....#.#.h..## .
..........h.


You could see a torpor snail, an oklob plant, 2 komodo dragons, a black mamba, 4
yaks, a basilisk, 4 blink frogs, a water moccasin (wandering), a black bear
(wandering) and 2 wolves.

Vanquished Creatures
  A hydra (D:9)
  Erica (D:8)
  A two-headed ogre (D:6)
  Pikel (D:6)
  An ugly thing (D:9)
  Psyche (D:9)
  A black mamba (D:10)
  Maurice (D:8)
  Maggie (D:7)
  A komodo dragon (Lair:1)
  A spiny frog (Lair:1)
  A queen bee (D:10)
  A troll (D:10)
  3 blink frogs (Lair:1)
  A hornet (D:8)
  2 hippogriffs
  Sigmund (D:3)
  13 yaks
  Grum (D:10)
  A wyvern (D:9)
  3 hungry ghosts (D:9)
  Edmund (D:6)
  2 water moccasins
  3 porcupines (D:8)
  3 sky beasts
  An orc warrior (D:8)
  3 ice beasts
  A phantom (D:10)
  2 slaves (D:6)
  An eye of draining (D:9)
  7 ogres
  6 centaurs
  3 black bears
  4 wolves (D:10)
  5 crocodiles
  Blork the orc (D:6)
  A big kobold (D:9)
  7 bullfrogs
  A wyvern skeleton (D:9)
  3 scorpions
  14 killer bees (D:10)
  7 wights
  3 howler monkeys
  2 crimson imps
  A bullfrog skeleton (D:5)
  4 hounds
  Crazy Yiuf (D:6)
  2 jellies (D:5)
  3 orc priests
  A gnoll shaman (D:7)
  12 orc wizards
  Terence (D:3)
  2 iguanas (D:9)
  8 worker ants
  A howler monkey zombie (D:10)
  Robin (D:3)
  7 gnolls
  11 adders
  A shadow imp (D:9)
  An ooze (D:5)
  4 adder skeletons
  An adder zombie (D:5)
  A worm (D:2)
  A dart slug (D:1)
  3 leopard geckos
  47 orcs
  3 ball pythons
  7 bats
  6 giant cockroaches
  3 hobgoblins
  13 jackals
  4 quokkas
  3 frilled lizards
  18 goblins
  10 kobolds
  10 rats
310 creatures vanquished.

Vanquished Creatures (collateral kills)
  A crocodile (D:8)
  2 killer bees (D:10)
  A howler monkey (D:8)
4 creatures vanquished.

Vanquished Creatures (others)
  2 bushes (D:8)
  50 fulminant prisms
  7 fungi (D:8)
  16 plants (D:8)
75 creatures vanquished.

Grand Total: 389 creatures vanquished

Notes
Turn   | Place    | Note
-------+----------+-------------------------------------------
     0 | D:1      | mopl the Naga Conjurer began the quest for the Orb.
     0 | D:1      | Reached XP level 1. HP: 15/15 MP: 3/3
   227 | D:1      | Reached XP level 2. HP: 15/22 MP: 0/5
   231 | D:1      | Learned a level 2 spell: Searing Ray
   689 | D:1      | Reached XP level 3. HP: 28/28 MP: 1/7
  1197 | D:2      | Found a stormy altar of Qazlal.
  1445 | D:2      | Found a blossoming altar of Fedhas.
  1447 | D:2      | Found a burning altar of Makhleb.
  1449 | D:2      | Found a shadowy altar of Dithmenos.
  1460 | D:2      | Reached XP level 4. HP: 36/36 MP: 3/8
  1510 | D:2      | Found a hide-covered altar of Uskayaw.
  1511 | D:2      | Found a white marble altar of Elyvilon.
  1667 | D:2      | Found a glowing golden altar of the Shining One.
  1673 | D:2      | Found a glowing silver altar of Zin.
  1725 | D:3      | Reached skill level 5 in Conjurations
  1890 | D:3      | Noticed Robin
  1915 | D:3      | Killed Robin
  2114 | D:3      | Reached XP level 5. HP: 38/42 MP: 2/10
  2135 | D:3      | Learned a level 4 spell: Fulminant Prism
  2140 | D:3      | Learned a level 4 spell: Iskenderun's Mystic Blast
  2259 | D:3      | Noticed Terence
  2279 | D:3      | Killed Terence
  2348 | D:3      | Noticed Sigmund
  2370 | D:3      | Killed Sigmund
  2370 | D:3      | Reached skill level 1 in Hexes
  2370 | D:3      | Reached skill level 1 in Translocations
  2370 | D:3      | Reached XP level 6. HP: 12/49 MP: 0/12
  3104 | D:4      | Reached XP level 7. HP: 55/55 MP: 5/13
  3144 | D:4      | Found a staircase to the Ecumenical Temple.
  3165 | Temple   | Entered the Ecumenical Temple
  3169 | Temple   | Became a worshipper of Vehumet
  3505 | D:4      | Reached skill level 6 in Conjurations
  3759 | D:5      | Entered Level 5 of the Dungeon
  3781 | D:5      | Found Dudeeled's General Store.
  3804 | D:5      | Bought a scroll of teleportation for 42 gold pieces
  3804 | D:5      | Bought a potion of heal wounds for 70 gold pieces
  3804 | D:5      | Bought a scroll of noise for 14 gold pieces
  3804 | D:5      | Bought a wand of enslavement (4) for 84 gold pieces
  3827 | D:5      | Found Zulinox's Book Emporium.
  4018 | D:5      | Found Dite's Antique Weapon Emporium.
  4058 | D:5      | Reached skill level 1 in Shields
  4167 | D:5      | Reached skill level 5 in Spellcasting
  4181 | D:5      | Reached XP level 8. HP: 28/62 MP: 8/15
  4559 | D:6      | Noticed Blork the orc
  4565 | D:6      | Killed Blork the orc
  4623 | D:6      | Reached * piety under Vehumet
  4623 | D:6      | Offered knowledge of Foxfire by Vehumet.
  4665 | D:6      | Found a shattered altar of Ashenzari.
  4712 | D:6      | Got a steaming mace
  4714 | D:6      | Identified the +7 mace "Poch" {vamp, Str+3} (You found it
                  | on level 6 of the Dungeon)
  4786 | D:6      | Found a runed translucent door.
  4787 | D:6      | Noticed Crazy Yiuf
  4787 | D:6      | Noticed Edmund
  4793 | D:6      | Killed Crazy Yiuf
  4793 | D:6      | Reached skill level 7 in Conjurations
  4796 | D:6      | Killed Edmund
  4913 | D:6      | Noticed a two-headed ogre
  4924 | D:6      | Killed a two-headed ogre
  4924 | D:6      | Reached XP level 9. HP: 52/68 MP: 6/18
  4934 | D:6      | Noticed Pikel
  4939 | D:6      | Killed Pikel
  4939 | D:6      | Reached skill level 8 in Conjurations
  5391 | D:5      | Found a bloodstained altar of Trog.
  5523 | D:6      | Got a dull robe
  5534 | D:6      | Identified the cursed +1 robe of the Salamander {*Drain
                  | rPois Dex+2 SInv} (You found it on level 6 of the Dungeon)
  5582 | D:6      | Reached skill level 5 in Translocations
  5698 | D:7      | Offered knowledge of Shock by Vehumet.
  5699 | D:7      | Reached ** piety under Vehumet
  5981 | D:7      | Noticed Maggie
  5994 | D:7      | Killed Maggie
  5994 | D:7      | Reached skill level 9 in Conjurations
  5994 | D:7      | Reached XP level 10. HP: 50/75 MP: 10/21
  6161 | D:7      | Found an opulent altar of Gozag.
  6164 | D:7      | Found Gozag's Platinum Reserve.
  7097 | D:8      | Noticed Maurice
  7113 | D:8      | Reached skill level 1 in Evocations
  7118 | D:8      | Killed Maurice
  7118 | D:8      | Reached skill level 10 in Conjurations
  7597 | D:8      | Found a staircase to the Lair.
  7612 | D:8      | Noticed Erica
  7632 | D:8      | Killed Erica
  7632 | D:8      | Reached XP level 11. HP: 51/81 MP: 13/23
  7820 | D:8      | Offered knowledge of Conjure Flame by Vehumet.
  8566 | D:9      | Reached *** piety under Vehumet
  8580 | D:9      | Found a shadowy altar of Dithmenos.
  8624 | D:9      | Noticed Psyche
  8629 | D:9      | Killed Psyche
  8734 | D:9      | Offered knowledge of Ignite Poison by Vehumet.
  8743 | D:9      | Reached skill level 5 in Hexes
  8761 | D:9      | Reached skill level 5 in Shields
  9033 | D:9      | Noticed a five-headed hydra
  9318 | D:9      | Reached **** piety under Vehumet
  9522 | D:9      | Offered knowledge of Stone Arrow by Vehumet.
  9824 | D:9      | Noticed a red ugly thing
  9835 | D:9      | Killed a red ugly thing
  9835 | D:9      | Reached skill level 11 in Conjurations
 10167 | D:9      | Killed a five-headed hydra
 10444 | D:10     | Entered Level 10 of the Dungeon
 10677 | D:10     | Reached skill level 10 in Spellcasting
 10791 | D:10     | Noticed Sonja
 10797 | D:10     | Noticed Sonja
 10797 | D:10     | Sonja changed into Sonja the black mamba
 10804 | D:10     | Killed Sonja the black mamba
 10804 | D:10     | Reached XP level 12. HP: 20/88 MP: 13/26
 11550 | D:10     | Noticed Grum
 11561 | D:10     | Killed Grum
 12021 | D:10     | Found Xoxt's Distillery.
 12024 | D:10     | Bought a potion of degeneration for 13 gold pieces
 12024 | D:10     | Bought a potion of brilliance for 52 gold pieces
 12024 | D:10     | Bought a potion of might for 52 gold pieces
 12024 | D:10     | Bought a potion of heal wounds for 65 gold pieces
 12024 | D:10     | Bought a potion of heal wounds for 65 gold pieces
 12024 | D:10     | Bought a potion of heal wounds for 65 gold pieces
 12024 | D:10     | Bought a potion of curing for 39 gold pieces
 12024 | D:10     | Bought 2 potions of curing for 78 gold pieces
 12228 | Lair:1   | Entered Level 1 of the Lair of Beasts
 12637 | Lair:2   | HP: 4/88 [yak[a torpor snail] (6)]
 12638 | Lair:2   | Mangled by a komodo dragon

Illustrated notes

Levels and vault maps discovered:
D:1:      psy_arrival_radial01, layout_basic, serial_bayou_pond_c,
          minmay_nonomino_d4
D:2:      layout_rooms, nicolae_qazlal_general_emergency,
          grunt_temple_overflow_open, amethyst_overflow_temple_binary,
          first_ration
D:3:      layout_loops_ring, guppyfry_early_lair_pool, uniq_terence, uniq_robin,
          uniq_sigmund
D:4:      layout_loops_ring, minmay_temple_entry_tees
D:5:      lemuel_upstairs_altar, layout_rooms, serial_shops, shop, shop,
          shop_coins, kennysheep_generic_room_14
D:6:      layout_basic, lemuel_doored_altar, uniq_blork_the_orc, uniq_pikel,
          uniq_crazy_yiuf_cottage, uniq_edmund
D:7:      layout_loops_cross, nicolae_gozag_zags_fifth_avenue, uniq_maggie
D:8:      layout_layer_cave, minmay_lair_entry_grove, uniq_erica, uniq_maurice
D:9:      hangedman_cross_cluster, layout_loops_ring, grunt_dithmenos_smoke,
          uniq_psyche
D:10:     layout_basic, serial_shops, shop, david_nohive_1, minivault_20,
          uniq_sonja, uniq_grum, uniq_urug, uniq_snorg, uniq_nergalle
Temple:   nicolae_temple_x_marks_the_god
Lair:1:   layout_big_grid
Lair:2:   dpeg_oklob_shooting_range, layout_cave_shapes, lemuel_fruit_tree

Skill      XL: |  1  2  3  4  5  6  7  8  9 10 11 |
---------------+----------------------------------+-----
Spellcasting   | 3 4 5 6 7 8 10 | 10.4
Conjurations   | 5 6 7 9 10 11 | 11.7
Hexes          | 1 2 3 4 5 |  5.0
Translocations | 1 2 3 4 5 6 |  6.0
Shields        | 1 2 3 4 5 |  5.9
Evocations     | 2 4 |  4.6
Dodging        | |  1.5
Stealth        | |  3.0

Action                   |  1- 3 |  4- 6 |  7- 9 | 10-12 || total
-------------------------+-------+-------+-------+-------++-------
Melee: Unarmed           |     7 |    19 |       |       ||    26
       Flail             |       |     6 |     1 |       ||     7
       Whip              |       |       |   122 |   143 ||   265
 Cast: Magic Dart        |    32 |    33 |     8 |     5 ||    78
       Searing Ray       |     5 |    17 |    31 |    87 ||   140
       Iskenderun's Myst |       |       |     3 |    12 ||    15
       Fulminant Prism   |       |       |     4 |    46 ||    50
 Abil: Spit Poison       |    18 |    25 |    11 |     9 ||    63
Evoke: Wand              |       |       |       |     5 ||     5
  Use: Scroll            |       |       |    10 |     3 ||    13
       Potion            |       |       |       |     1 ||     1
 Stab: Sleeping          |       |       |     3 |     2 ||     5
  Eat: Chunk             |     3 |     6 |     9 |    21 ||    39
Armor: Robe              |     3 |    19 |    69 |    91 ||   182
Dodge: Dodged            |    19 |    62 |   108 |   145 ||   334
